 Dungeon Crawl Stone Soup version 0.26-a0-660-gc07710193c (webtiles) character file.

Game seed: 12034487801264624851

43 tacoguy the Firebug (level 3, 0/19 HPs)
             Began as a Deep Elf Fire Elementalist on Oct 5, 2020.
             Was an Initiate of Ru.
             Engulfed by a cloud of flame (19 damage)
             ... on level 3 of the Dungeon.
             The game lasted 00:08:18 (1736 turns).

tacoguy the Firebug (Deep Elf Fire Elementalist)    Turns: 1736, Time: 00:08:19

Health: 0/19       AC:  3    Str:  2 (5)  XL:     3   Next: 37%
Magic:  3/9        EV: 13    Int: 19 (20) God:    Ru [......]
Gold:   159        SH:  0    Dex: 12 (15) Spells: 1/8 levels left

rFire    . . .     SeeInvis .   (no weapon)
rCold    . . .     Faith    .   (no shield)
rNeg     . . .     Spirit   .   a - +0 robe
rPois    .         Reflect  .   (no helmet)
rElec    .         Harm     .   (no cloak)
rCorr    .         Rampage  .   e - +0 pair of gloves
MR       .....                  (no boots)
Stlth    ++........             b - amulet of regeneration
HPRegen  0.46/turn              i - -4 ring of slaying (curse)
MPRegen  0.11/turn              (no ring)

@: no status effects
A: no striking features
a: Renounce Religion


You were on level 3 of the Dungeon.
You worshipped Ru.
Ru was noncommittal.
You visited 1 branch of the dungeon, and saw 3 of its levels.

You collected 159 gold pieces.

Inventory:

Armour
 a - a +0 robe (worn)
 e - a +0 pair of gloves (worn)
Jewellery
 b - an amulet of regeneration (around neck)
 i - a cursed -4 ring of slaying (left hand)
Scrolls
 c - a scroll of identify
 d - a scroll of enchant armour
 f - 3 scrolls of teleportation
 h - a scroll of immolation
Potions
 g - a potion of stabbing
 j - a potion of curing {unknown}


   Skills:
 - Level 2.7 Dodging
 - Level 2.8 Stealth
 + Level 3.4 Spellcasting
 + Level 1.5 Conjurations
 + Level 4.1 Fire Magic


You had one spell level left.
You knew the following spells:

 Your Spells              Type           Power        Failure   Level
a - Foxfire               Conj/Fire      ##..         4%          1
b - Conjure Flame         Conj/Fire      ##......     14%         3
c - Inner Flame           Hex/Fire       ##......     19%         3

Your spell library contained the following spells:

 Spells                   Type           Power        Failure   Level
 Sticky Flame             Conj/Fire      ##......     41%         4
 Fireball                 Conj/Fire      ##........   77%         5


Dungeon Overview and Level Annotations

Branches:
Dungeon (3/15)

Altars:
Gozag
Makhleb
Ru
The Shining One


Message History

You start memorising the spell.
You continue memorising. x3
You finish memorising.
Spell assigned to 'c'.
Magic restored.
A jackal, 2 goblins and a hobgoblin come into view.
Found two stone staircases leading down.
Casting: Foxfire (safe; 4% risk of failure)
Confirm with . or Enter, or press ? or * to list all spells.
The spell is extremely dangerous to cast (14% risk of failure)!
Continue anyway?
The fire begins to smolder!
The hobgoblin shouts!
The goblin shouts!
You hear a shout!
A goblin comes into view. It is wielding a +0 dagger of freezing.
Okay, then.
Casting: Conjure Flame (extremely dangerous; 14% risk of failure)
Confirm with . or Enter, or press ? or * to list all spells.
The spell is extremely dangerous to cast (14% risk of failure)!
Continue anyway?
The fire ignites!
The goblin shouts!
The jackal barks!
You are engulfed in blazing flames.
Ouch! That really hurt!
You die...

#.# #.# #####.#
#. .... #.##..#
g>
####.#...###.g>g
.......>..†..hg.
#....@#
#..#.####.#
#..<......#
##.######## #.
#. #. .. #.


You could see a jackal, a hobgoblin and 3 goblins.

Vanquished Creatures
  A gnoll (D:1)
  A worm (D:2)
  2 dart slugs (D:1)
  2 ball pythons (D:1)
  2 giant cockroaches
  3 goblins
  3 hobgoblins
  A jackal (D:3)
  A quokka (D:2)
  3 bats
  2 frilled lizards (D:1)
  4 kobolds
  A rat (D:1)
26 creatures vanquished.

Vanquished Creatures (others)
  99 foxfires
99 creatures vanquished.

Grand Total: 125 creatures vanquished

Notes
Turn   | Place    | Note
-------+----------+-------------------------------------------
     0 | D:1      | tacoguy the Deep Elf Fire Elementalist began the quest for
                  | the Orb.
     0 | D:1      | Reached XP level 1. HP: 10/10 MP: 6/6
   336 | D:1      | Reached XP level 2. HP: 15/15 MP: 4/8
   558 | D:1      | Reached skill level 4 in Fire Magic
   953 | D:2      | Reached XP level 3. HP: 19/19 MP: 6/9
  1121 | D:2      | Found an opulent altar of Gozag.
  1124 | D:2      | Found a sacrificial altar of Ru.
  1124 | D:2      | Found a burning altar of Makhleb.
  1124 | D:2      | Found a glowing golden altar of the Shining One.
  1176 | D:2      | Became a worshipper of Ru the Awakened
  1721 | D:3      | Learned a level 3 spell: Conjure Flame
  1725 | D:3      | Learned a level 3 spell: Inner Flame
  1736 | D:3      | Engulfed by a cloud of flame

Illustrated notes

Levels and vault maps discovered:
D:1:      tarquinn_simple_flora_water_d, layout_basic,
          ebering_dispersal_statue_hall, hex_large
D:2:      layout_basic, grunt_temple_overflow_open
D:3:      layout_loops_corners, minmay_misc_feat_rugged, uniq_robin,
          uniq_crazy_yiuf_cottage

Skill      XL: |  1  2 |
---------------+-------+-----
Fire Magic     | 4 |  4.1
Dodging        | |  2.7
Stealth        | |  2.8
Spellcasting   | |  3.4
Conjurations   | |  1.5

Action                   || total
-------------------------++-------
 Cast: Foxfire           ||    66
       Conjure Flame     ||     2
  Use: Scroll            ||     7
       Potion            ||     2
Armor: Robe              ||     9
Dodge: Dodged            ||     5

Table legend: (Time is in decaauts)
 A = Elapsed time spent in this place.
 B = Non-inter-level travel time spent in this place.
 C = Inter-level travel time spent in this place.
 D = Time resting spent in this place.
 E = Time spent auto-exploring this place.
 F = Levels seen in this place.
 G = Mean time per level.
                   A        B        C        D        E       F      G
               +--------+--------+--------+--------+--------+-----+--------+
         Total |   1719 |   1674 |     45 |    460 |    977 |   3 |  573.0 |
       Dungeon |   1719 |   1674 |     45 |    460 |    977 |   3 |  573.0 |
               +--------+--------+--------+--------+--------+-----+--------+

Top non-repeatable levels by time:
     D:1: 934 daAuts
     D:2: 762 daAuts
     D:3: 21 daAuts
